 Dungeon Crawl Stone Soup version 0.31-a0-986-g5e6e4ef867 (webtiles) character file.

Game seed: 6238919161568311060

244 p00ps00p the Trooper (level 6, -1/56 HPs)
             Began as a Hill Orc Fighter on Nov 9, 2023.
             Succumbed to Ijyb's poison
             ... on level 4 of the Dungeon.
             The game lasted 00:03:50 (3082 turns).

p00ps00p the Trooper (Hill Orc Fighter)             Turns: 3082, Time: 00:03:50

Health: -1/56      AC: 13    Str: 24    XL:     6   Next: 10%
Magic:  6/6        EV:  8    Int:  8    God:
Gold:   169        SH:  4    Dex: 10    Spells: 5/5 levels left

rFire   . . .        a - +0 war axe
rCold   x . .        c - +0 buckler
rNeg    + . .        h - +1 chain mail
rPois   .            l - +2 helmet "Ohadofoe" {+Blink rC- rN+ Str+3}
rElec   .            e - scarf {repulsion}
rCorr   .            (no gloves)
SInv    .            (no boots)
Will    +....        k - amulet of faith Stlth
                     (no ring)
HPRegen 0.29/turn    (no ring)
MPRegen 0.10/turn

%: repel missiles, faith
@: mighty, lethally poisoned (-1 -> -21), enlightened, flying, hasted, very
quick
A: no striking features
a: Evoke Blink


You were on level 4 of the Dungeon.
You visited 1 branch of the dungeon, and saw 4 of its levels.

You collected 169 gold pieces.

Inventory:

Hand Weapons
 a - a +0 war axe (weapon)
Armour
 b - a +0 scale mail
 c - a +0 buckler (worn)
 e - a scarf of repulsion (worn)
 h - a +1 chain mail (worn)
 l - the +2 helmet "Ohadofoe" (worn) {+Blink rC- rN+ Str+3}
   (You found it on level 2 of the Dungeon)

   Str+3:     It affects your strength (+3).
   rC-:       It makes you vulnerable to cold.
   rN+:       It protects you from negative energy.
   +Blink:    It lets you blink.
Jewellery
 f - a ring of ice
 k - an amulet of faith (around neck)
Scrolls
 g - a scroll of immolation
 n - a scroll of fog
 r - a scroll of noise
Potions
 i - a potion of mutation
 j - 2 potions of haste
 m - a potion of degeneration


   Skills:
 + Level 5.0 Fighting
 + Level 4.5 Axes
 + Level 4.6 Armour
 + Level 4.6 Shields


You had 5 spell levels left.
You didn't know any spells.
Your spell library contained the following spells:

 Spells                   Type           Power      Damage    Failure   Level
 Freeze                   Ice            0%         1d3       95%         1
 Ensorcelled Hibernation  Hex/Ice        0%         N/A       99%         2
 Passwall                 Tmut/Erth      0%         N/A       99%         2
 Frozen Ramparts          Ice            0%         1d1       100%        3
 Hailstorm                Conj/Ice       0%         3d3       100%        3
 Swiftness                Air            0%         N/A       100%        3
 Summon Ice Beast         Ice/Summ       0%         N/A       100%        4
 Simulacrum               Ice/Necr       0%         N/A       100%        6


Dungeon Overview and Level Annotations

Branches:
Dungeon (4/15)
 Temple: D:4-7

Altars:
Hepliaklqana
Vehumet
Yredelemnul

Shops:
D:3 (

Annotations:
D:4 Ijyb


Message History

The hound bites you.
Ijyb zaps a wand.
The puff of flame is repelled.
The hound bites you but does no damage.
Ijyb hits you with a +6 dagger of venom.
The endoplasm hits you but does no damage.
Your Fighting skill increases to level 5!
You slash the hound!
You kill the hound!
You completely miss the endoplasm. You barely miss Ijyb.
You feel sick.
Ijyb hits you with a +6 dagger of venom!
* * * LOW HITPOINT WARNING * * *
You are more poisoned.
You block the endoplasm's attack.
You have reached level 6!
You feel much better.
You feel very sick. Ijyb hits you but does no damage.
You are more poisoned.
You block the endoplasm's attack.
You feel very mighty all of a sudden.
You feel very sick. Ijyb closely misses you. The endoplasm closely misses you.
You feel yourself speed up.
You feel very sick. Ijyb hits you but does no damage.
You are lethally poisoned!
The endoplasm freezes you.
You are frozen.
You feel a terrible chill!
* * * LOW HITPOINT WARNING * * *
You slash Ijyb!
Ijyb is heavily wounded.
You hit the endoplasm.
* * * LOW HITPOINT WARNING * * *
You feel very sick.
The endoplasm hits you but does no damage.
Ijyb zaps a wand.
The puff of flame hits you.
* * * LOW HITPOINT WARNING * * *
It was a potion of enlightenment.
You feel very buoyant.
You fly up into the air.
You die...

...###. #..#..
##....# .....
#...# #...#
#†Jg# #.@.#
#####.######
#..........#...
#......<.......
#..........(...
#..............
#..............
#..............
####...........


You could see Ijyb and an endoplasm.

Vanquished Creatures
  An ogre (D:3)
  A hound (D:4)
  4 gnolls (D:3)
  2 adders (D:2)
  A white imp (D:4)
  6 ball pythons
  4 bats
  5 endoplasms
  A giant cockroach (D:1)
  14 goblins
  4 hobgoblins
  2 jackals (D:1)
  5 quokkas
  4 frilled lizards
  5 kobolds
  4 rats
63 creatures vanquished.

Notes
Turn   | Place    | Note
-------+----------+-------------------------------------------
     0 | D:1      | p00ps00p the Hill Orc Fighter began the quest for the Orb.
     0 | D:1      | Reached XP level 1. HP: 19/19 MP: 1/1
   174 | D:1      | Reached XP level 2. HP: 27/27 MP: 2/2
   359 | D:1      | Found a faded altar of an unknown god.
   528 | D:1      | Reached skill level 4 in Fighting
   908 | D:2      | Reached XP level 3. HP: 33/33 MP: 3/3
  1424 | D:2      | Identified the +2 helmet "Ohadofoe" {+Blink rC- rN+ Str+3}
  1792 | D:3      | Found a basalt altar of Yredelemnul.
  1801 | D:3      | Reached XP level 4. HP: 25/41 MP: 4/4
  2260 | D:3      | Found a hazy altar of Hepliaklqana.
  2269 | D:3      | Found Nibbiec's Antique Weapon Shoppe.
  2386 | D:3      | Found a radiant altar of Vehumet.
  2912 | D:3      | Noticed an ogre
  2919 | D:3      | Reached XP level 5. HP: 32/47 MP: 5/5
  2921 | D:3      | Killed an ogre
  3068 | D:4      | Noticed Ijyb
  3077 | D:4      | Reached skill level 5 in Fighting
  3078 | D:4      | Reached XP level 6. HP: 16/56 MP: 6/6
  3082 | D:4      | Succumbed to Ijyb's poison

Illustrated notes

Levels and vault maps discovered:
D:1:      kilobyte_arrival_exit_the_forest, layout_loops_ring,
          hellmonk_ecumenical_altar_blasted, minmay_indecisive_spiral
D:2:      layout_basic, kennysheep_generic_room_8
D:3:      layout_loops_ring, yredelemnul_altar_generic,
          mainiacjoe_overflow_cross_hatched, worldfamousw_hep_ancestral_shrine,
          serial_shops, nicolae_shop_dealshenge, minmay_ogre_servants
D:4:      layout_rooms, kennysheep_okawaru_gauntlet,
          mainiacjoe_overflow_boulevard, hangedman_glass_teeth, uniq_ijyb

Skill      XL: |  1  2  3  4  5 |
---------------+----------------+-----
Axes           | 3 4 |  4.5
Fighting       | 4 5 |  5.0
Armour         | 4 |  4.6
Shields        | 4 |  4.6

Action                     |  1- 3 |  4- 6 || total
---------------------------+-------+-------++-------
  Melee: War axe           |    94 |    66 ||   160
    Use: Scroll            |     5 |     5 ||    10
         Potion            |       |     5 ||     5
 Armour: Scale mail        |    49 |       ||    49
         Chain mail        |    26 |    53 ||    79
  Dodge: Dodged            |    44 |    24 ||    68
         Repelled          |       |     2 ||     2
  Block: Buckler           |    20 |    10 ||    30

Table legend: (Time is in decaauts)
 A = Elapsed time spent in this place.
 B = Non-inter-level travel time spent in this place.
 C = Inter-level travel time spent in this place.
 D = Time resting spent in this place.
 E = Time spent auto-exploring this place.
 F = Levels seen in this place.
 G = Mean time per level.
                   A        B        C        D        E       F      G
               +--------+--------+--------+--------+--------+-----+--------+
         Total |   3127 |   3056 |     71 |    646 |   1922 |   4 |  781.8 |
       Dungeon |   3127 |   3056 |     71 |    646 |   1922 |   4 |  781.8 |
               +--------+--------+--------+--------+--------+-----+--------+

Top non-repeatable levels by time:
     D:3: 1311 daAuts
     D:1: 931 daAuts
     D:2: 866 daAuts
     D:4: 18 daAuts
